AoeStats
← Governor

Four Lakes

510272221Analyzed
1v1 RM · 1d ago on Sep 30, 2026· 20m 1s· 2 players
Game mode
Random Map
Map size
Tiny (2 player)
Population
200
Speed
Normal
Resources
Standard
Victory
Conquest
Starting age
Dark Age
Ending age
Imperial Age
RankedLock teamsTeams togetherTeam positionsShared explorationLock speedFull tech treeHidden civsTurbo modeCheats
Victory
Defeat
🇫🇷 Portuguese · France
325
+15
🇨🇳 Vikings · China
304
-15
Governor
6:08 Loom
11:28 Feudal Age
12:46 Horse Collar
13:36 Double-Bit Axe
16:56 Gold Mining
19:32 Forging
willpol56
12:10 Feudal Age
10:35 Loom
12:46 Horse Collar
12:55 Double-Bit Axe
14:39 Wheelbarrow
16:19 Fletching
16:41 Forging
Connection lost

Rejoining the realm…

Still unreachable

The connection could not be restored.

Session expired

The server has moved on; the page needs a fresh start.